[Event "Late-Titled-Tuesday-Blitz-June-18-2024"]
[Site "Chess.com"]
[Date "2024.06.18"]
[Round "6"]
[White "Andrei_Skvortsov"]
[Black "maximnovik"]
[Result "1-0"]
[WhiteElo "2766"]
[BlackElo "2572"]
[TimeControl "180+1"]
[EndTime "15:09:32 PDT"]
[Termination "Andrei_Skvortsov won on time"]

1. e4 e5 2. d4 exd4 3. Qxd4 Nc6 4. Qd3 Nf6 5. Nc3 g6 6. Bg5 Bg7 7. O-O-O O-O 8. f4 d6 9. e5 dxe5 10. Qxd8 Nxd8 11. fxe5 Nd7 12. Nf3 Ne6 13. Nd5 Nxg5 14. Nxg5 Nxe5 15. Nxc7 Bh6 16. Nxa8 Bxg5+ 17. Kb1 Ng4 18.
Re1 Bf4 19. g3 Bd6 20. Bg2 b6 21. Rd1 Bb8 22. Rd2 Be6 23. Re1 Nxh2 24. Re3 Ng4 25. Ra3 h5 26. Bb7 Kg7 27. Rd1 Re8 28. Bc6 Re7 29.
Rd8 Bf5 30. b4 Re1+ 31. Kb2 Be5+ 32. Kb3 Be6+ 33. Ka4 Re2 34. Kb5 Rxc2 35. Rxa7 Bc4+ 36. Kxb6 Bxg3 37. a4 Bf2+ 38. Ka5 Bxa7 39. b5 Bc5 40. b6 Rb2 41. b7 Ne5 42. Bb5 Bxb5 43. Rg8+ Kxg8 44. b8=Q+ Kg7 45. Qxe5+ Kh7 46. Qxb2 Bd7 47. Nb6 Be6 48. Qc2 1-0

[Event "Late-Titled-Tuesday-Blitz-June-18-2024"]
[Site "Chess.com"]
[Date "2024.06.18"]
[Round "6"]
[White "N_I_Chess"]
[Black "olakenn"]
[Result "1-0"]
[WhiteElo "2327"]
[BlackElo "1875"]
[TimeControl "180+1"]
[EndTime "15:09:32 PDT"]
[Termination "N_I_Chess won by resignation"]

1. d4 Nf6 2. c4 g6 3. Nc3 d5 4.
cxd5 Nxd5 5. Bd2 Bg7 6. e4 Nxc3 7. Bxc3 O-O 8. Qd2 c5 9. d5 e6 10. Bc4 exd5 11. Bxd5 Nc6 12. Ne2 Be6 13. O-O Bxd5 14. Bxg7 Kxg7 15. exd5 Ne7 16. Nc3 Nf5 17. Ne2 b6 18.
Rad1 Nd6 19. Rfe1 Qf6 20. Nc3 Rfe8 21. a4 Rxe1+ 22. Rxe1 Re8 23. Rxe8 Nxe8 24. Ne4 Qe5 25. f3 Nd6 26. Nxd6 Qxd6 27. Qc3+ Qf6 28. Qd2 Qd6 29. g3 f5 30. Kg2 Kf7 31. Qh6 Kg8 32. Qd2 Kf7 33.
Qd3 a5 34. Kh3 Kf6 35. Qc3+ Kf7 36. Qb3 Kf6 37. f4 Kf7 38. Qd3 Kg7 39. Qa6 Kf6 40.
Qb7 h5 41. Kg2 Qd8 42. Qc6+ Kg7 43. d6 Kf7 44. Kf3 Ke6 45. d7+ Ke7 46. Qxg6 Qxd7 47. Qxh5 Qd3+ 48. Kg2 Qd2+ 49. Kh3 Qd1 50. Qxd1 1-0

[Event "Late-Titled-Tuesday-Blitz-June-18-2024"]
[Site "Chess.com"]
[Date "2024.06.18"]
[Round "6"]
[White "BilodeauA"]
[Black "Polish_fighter3000"]
[Result "0-1"]
[WhiteElo "3006"]
[BlackElo "3101"]
[TimeControl "180+1"]
[EndTime "15:09:35 PDT"]
[Termination "Polish_fighter3000 won by resignation"]

1. e4 e5 2. Nf3 Nc6 3. Bc4 Bc5 4.
d3 Nf6 5. Nc3 d6 6. Na4 Bb6 7.
a3 O-O 8. h3 Ne7 9. Nxb6 axb6 10. O-O Ng6 11. c3 h6 12. Re1 Re8 13. b4 Be6 14.
Bxe6 Rxe6 15. a4 d5 16. Bd2 Qd7 17. Qb3 dxe4 18. dxe4 Rd6 19. Qc2 Rd8 20. Be3 Rd3 21. a5 Nxe4 22. axb6 Nxc3 23. bxc7 Qxc7 24. Rac1 e4 25.
Nd2 Qe5 26. Nb3 Nd5 27. Nc5 Nxe3 28. Rxe3 Rd2 29. Qxe4 Rd1+ 30. Re1 Qxe4 31. Nxe4 Rxc1 32. Rxc1 Rd4 33. f3 Rxb4 34. Rc8+ Kh7 35. Nd6 Ne5 36. f4 Rxf4 37. Nxb7 h5 38. Nd6 h4 39. Rc5 f6 40.
Rc2 Rd4 41. Nf5 Ra4 42. Rc1 Kg6 43. Ne3 Kg5 44. Rf1 Ra3 45. Nf5 g6 46. Nd4 f5 47.
Ne6+ Kf6 48. Nf4 Ra2 49. Kh2 Kg5 50. Ne6+ Kf6 51. Nf4 Rd2 52. Re1 Nf3+ 0-1

[Event "Late-Titled-Tuesday-Blitz-June-18-2024"]
[Site "Chess.com"]
[Date "2024.06.18"]
[Round "6"]
[White "Byniolus"]
[Black "amintabatabaei"]
[Result "0-1"]
[WhiteElo "2756"]
[BlackElo "3034"]
[TimeControl "180+1"]
[EndTime "15:09:35 PDT"]
[Termination "amintabatabaei won on time"]

1. d4 a6 2. Nf3 e6 3. Bf4 b5 4.
e3 Bb7 5. h3 Nf6 6. Be2 Be7 7.
O-O O-O 8. a4 b4 9. c3 a5 10.
Bh2 h6 11. Nbd2 c5 12. cxb4 cxd4 13. Nxd4 Bxb4 14. Nc4 d5 15. Ne5 Nbd7 16. Nec6 Bxc6 17. Nxc6 Qb6 18. Nxb4 Qxb4 19. Bb5 Rfc8 20. Qe2 Nc5 21. Be5 Nfd7 22. Bc3 Qe4 23. Rfd1 Nf6 24. Bxf6 gxf6 25. Rd4 Qe5 26. Rad1 Kh7 27. Rg4 f5 28. Rg3 Rg8 29. Rxg8 Rxg8 30. Qd2 Ne4 31. Qd4 Qc7 32. Bd3 Nxf2 33.
Kxf2 Qg3+ 34. Ke2 Qxg2+ 35. Ke1 Rg3 36. Be2 Rxh3 37. Kd2 Rh2 38. Re1 Qg3 39. Qf4 Qg2 40. b4 axb4 41. Qxb4 Qg8 42. a5 Qa8 43. Qb6 Qc8 44. a6 Qc4 45. a7 Qa2+ 46. Kd3 Qa3+ 47.
Kd4 Rh4+ 48. Ke5 Qe7 0-1

[Event "Late-Titled-Tuesday-Blitz-June-18-2024"]
[Site "Chess.com"]
[Date "2024.06.18"]
[Round "6"]
[White "GM_dmitrij"]
[Black "ChessSwole"]
[Result "1/2-1/2"]
[WhiteElo "3032"]
[BlackElo "2739"]
[TimeControl "180+1"]
[EndTime "15:09:37 PDT"]
[Termination "Game drawn by repetition"]

1. Nf3 d5 2. g3 Nc6 3. d4 Bf5 4. Bg2 Nb4 5. Na3 e6 6. O-O Nc6 7. Nb1 Nb4 8. c4 Nc2 9. Nh4 Nxa1 10. Nxf5 exf5 11. cxd5 Nf6 12. Nc3 Bd6 13. Bd2 O-O 14.
Qxa1 Re8 15. Qb1 Qd7 16. Qd3 Bb4 17. Qc4 Bxc3 18. bxc3 Rad8 19. Bg5 Qd6 20. e3 h6 21. Bxf6 Qxf6 22. Qxc7 Rc8 23. Qxb7 Rxc3 24. Qxa7 Qd6 25. a4 Rec8 26. Bf3 f4 27. Bg4 R8c7 28. Qa8+ Kh7 29. e4 fxg3 30. Bf5+ g6 31. e5 gxh2+ 32.
Kh1 Qb6 33. d6 gxf5 34. dxc7 Rxc7 35. Qd5 Qg6 36. Qf3 Rc4 37. Qd3 Rxa4 38. Kxh2 Qh5+ 39. Qh3 Qxh3+ 40. Kxh3 Rxd4 41. f4 Kg7 42. Kg3 f6 43.
exf6+ Kxf6 44. Rc1 Kg6 45. Rc6+ Kh5 46. Rf6 Rd3+ 47. Kg2 Rd5 48. Kg3 Ra5 49. Kh3 Ra3+ 50. Kg2 Kg4 51. Rxh6 Ra2+ 52. Kf1 Kf3 53. Rh3+ Kxf4 54.
Rb3 Kg4 55. Rc3 f4 56. Rd3 Rb2 57. Rc3 Rh2 58. Rb3 Ra2 59. Rc3 Rb2 60. Ra3 Rb1+ 61. Kf2 Rb2+ 62. Kf1 f3 63. Ra8 Rb1+ 64. Kf2 Rb2+ 65.
Kf1 Rb1+ 66. Kf2 Rb2+ 67. Kf1 1/2-1/2

[Event "Late-Titled-Tuesday-Blitz-June-18-2024"]
[Site "Chess.com"]
[Date "2024.06.18"]
[Round "6"]
[White "nitpicker"]
[Black "Sic_Transit_GM"]
[Result "0-1"]
[WhiteElo "2340"]
[BlackElo "2534"]
[TimeControl "180+1"]
[EndTime "15:09:37 PDT"]
[Termination "Sic_Transit_GM won by resignation"]

1. d4 d5 2. c4 dxc4 3. e4 e5 4. Nf3 Bb4+ 5. Nc3 exd4 6. Qxd4 Qxd4 7. Nxd4 c6 8. Bxc4 Nf6 9. f3 O-O 10. O-O Nbd7 11. Be3 Ne5 12. Be2 Bd7 13. Rfd1 Rfd8 14. Rac1 Ng6 15. a3 Ba5 16. Nb3 Bc7 17. g3 Bb6 18.
Bd4 Be6 19. Bxb6 Rxd1+ 20. Bxd1 axb6 21. Nd4 Bc4 22. Be2 Bxe2 23. Ncxe2 Ne5 24. Rc3 Rd8 25. Nb3 Rd1+ 26. Kf2 g5 27. h3 Kg7 28. f4 Nxe4+ 29. Ke3 Nxc3 30. Nxc3 Nc4+ 31. Ke2 Rh1 32. fxg5 Rxh3 33.
Ne4 Rh2+ 34. Kf3 Rxb2 35. Nd4 Nxa3 36. Kg4 Rb4 37. Nf5+ Kf8 38. Kf4 Nb5 39. Ke5 Rxe4+ 40. Kxe4 Nc7 41. Ke5 Ne6 42. Kd6 b5 43. Ne3 Nxg5 44.
Nf5 Ne6 45. Ke5 b4 46. Ke4 c5 47. Kd3 b5 48. Nd6 c4+ 49. Kc2 Nd4+ 50. Kb2 c3+ 51. Kc1 b3 52. Ne4 Ne2+ 0-1

[Event "Late-Titled-Tuesday-Blitz-June-18-2024"]
[Site "Chess.com"]
[Date "2024.06.18"]
[Round "6"]
[White "Zhigalko_Sergei"]
[Black "DeTimmerman"]
[Result "1/2-1/2"]
[WhiteElo "2975"]
[BlackElo "2749"]
[TimeControl "180+1"]
[EndTime "15:09:39 PDT"]
[Termination "Game drawn by repetition"]

1. e4 e5 2. Nf3 Nc6 3. Bb5 f5 4. d3 fxe4 5. dxe4 Nf6 6. O-O d6 7. Nc3 Be7 8. Bc4 Na5 9. Qd3 Nxc4 10. Qxc4 Qd7 11. Bg5 Qc6 12. Qb3 Qb6 13. Bxf6 Bxf6 14.
Qc4 Qc6 15. Qb3 Qb6 16. Qc4 Qc6 17. Qd3 O-O 18. Nd5 Be6 19. c4 a5 20. b3 b6 21.
Rad1 h6 22. Qe3 Rf7 23. Rd3 Raf8 24. Nxf6+ Rxf6 25. Nd2 Qe8 26. f3 g5 27. h3 Qg6 28. g4 h5 29. Qe2 hxg4 30. hxg4 Qh7 31. Qe3 Rh6 32. Qxg5+ Kh8 33. Kf2 Rg6 34. Qh5 Bxg4 35.
Qxh7+ Kxh7 36. Rh1+ Kg7 37. Rg1 Be6 38. Rxg6+ Kxg6 39.
Nf1 a4 40. Ne3 axb3 41. axb3 Ra8 42. Nd5 Bxd5 43. cxd5 Ra2+ 44. Kg3 Rc2 45. b4 Rc4 46. b5 Rc5 47. Rb3 Kg5 48. Rb2 Kh5 49. Rh2+ Kg5 50.
Rb2 Kh5 51. Rb3 Kg5 52. Rb4 Kh5 53. Rb1 Kg5 54. Rb3 Rc1 55. Ra3 Rc5 56. Ra7 Rc2 57.
Ra8 Rc5 58. Rc8 Rc2 59. Rd8 Rc5 60. Rd7 Rc2 61. Rg7+ Kf6 62. Rh7 Kg5 63. Rg7+ Kf6 64. Rd7 Kg5 65. Rg7+ 1/2-1/2

[Event "Late-Titled-Tuesday-Blitz-June-18-2024"]
[Site "Chess.com"]
[Date "2024.06.18"]
[Round "6"]
[White "newyorkmouse"]
[Black "Adar_07"]
[Result "0-1"]
[WhiteElo "2594"]
[BlackElo "2818"]
[TimeControl "180+1"]
[EndTime "15:09:40 PDT"]
[Termination "Adar_07 won by checkmate"]

1. a3 Nf6 2. h3 e5 3. c3 d5 4. d4 e4 5. Bf4 c5 6. e3 Nc6 7.
dxc5 Bxc5 8. Nd2 Bf5 9. Ne2 Bg6 10. Nb3 Be7 11. Qd2 Qb6 12. Ned4 O-O 13. a4 a6 14. a5 Qa7 15. Be2 Rac8 16. O-O Rfd8 17. Bh2 Nd7 18. Rfd1 Bf6 19. Bd6 Nxd4 20. Nxd4 Nc5 21.
Bg3 h5 22. Qc2 h4 23. Bh2 Bxd4 24. Rxd4 Ne6 25. Rd2 d4 26. Bg4 dxe3 27. fxe3 Qxe3+ 28. Rf2 f5 29. Qb3 Rc6 30. Qxb7 Nd4 31. cxd4 Rc1+ 32. Rxc1 Qxc1+ 33. Rf1 Qe3+ 34. Kh1 fxg4 35. Be5 Qh6 36. Qxa6 gxh3 37. Qe6+ Kh7 38. Qxh3 e3 39. Re1 e2 40. Rxe2 Rf8 41. Re1 Rf2 42. d5 Qd2 43. Qxh4+ Kg8 44. Qd8+ Rf8 45. Qh4 Qxd5 46. Bc3 Qf7 47. Rg1 Qd7 48.
Qd4 Qf7 49. Qd2 Kh7 50. Qg5 Rh8 51. g3 Kg8+ 52. Kg2 Be4# 0-1

[Event "Late-Titled-Tuesday-Blitz-June-18-2024"]
[Site "Chess.com"]
[Date "2024.06.18"]
[Round "6"]
[White "RZ0"]
[Black "Yaacovn"]
[Result "1-0"]
[WhiteElo "2558"]
[BlackElo "2786"]
[TimeControl "180+1"]
[EndTime "15:09:40 PDT"]
[Termination "RZ0 won on time"]

1. Nf3 Nf6 2. d4 e6 3. c4 Bb4+ 4. Nbd2 b6 5. a3 Bxd2+ 6. Qxd2 Bb7 7. e3 d6 8. Be2 c5 9. O-O Nc6 10. b4 O-O 11. Bb2 Qe7 12. d5 Nb8 13. dxe6 fxe6 14. Rad1 Rd8 15. Qc2 Nbd7 16. Ng5 h6 17. Bf3 Bxf3 18.
Nxf3 Rac8 19. b5 Nf8 20. a4 Rd7 21. e4 e5 22. Nh4 Ne6 23. Nf5 Qf8 24. g3 Nd4 25.
Bxd4 exd4 26. Rde1 Re8 27. f3 g6 28. Nh4 Qg7 29.
Qd3 Rde7 30. Re2 Qh7 31. Rfe1 Nd7 32. f4 Qf7 33. e5 dxe5 34. Nxg6 Re6 35. Nxe5 Nxe5 36.
fxe5 Kg7 37. Rf1 Qg6 38. Qf3 Kh7 39. Qd5 Qg7 40. Rf6 R6e7 41. Qf3 Kh8 42. Qf4 Kh7 43. Qf5+ Kh8 44. e6 Qg5 45. Qf3 Kg8 46. h4 Qg7 47.
Qf5 Kh8 48. Rg6 Qf8 49. Qe5+ Kh7 50. Qh5 d3 51. Rf2 1-0

[Event "Late-Titled-Tuesday-Blitz-June-18-2024"]
[Site "Chess.com"]
[Date "2024.06.18"]
[Round "6"]
[White "Patricius007"]
[Black "familijatop71"]
[Result "0-1"]
[WhiteElo "2545"]
[BlackElo "2323"]
[TimeControl "180+1"]
[EndTime "15:09:40 PDT"]
[Termination "familijatop71 won by checkmate"]

1. e4 d5 2. exd5 Qxd5 3. Nf3 Bg4 4. Be2 Nc6 5. Nc3 Qd7 6. d4 e6 7. O-O O-O-O 8. Be3 Nf6 9. Ne5 Nxe5 10. dxe5 Qxd1 11. Raxd1 Rxd1 12. Bxd1 Bxd1 13. Rxd1 Nd7 14. Nb5 a6 15.
Na7+ Kd8 16. Bg5+ Be7 17. Be3 Ke8 18. a3 Nxe5 19. Nc8 Nc6 20. Nxe7 Kxe7 21. Bc5+ Ke8 22. b4 h5 23. c4 h4 24. Be3 Rh5 25. Rb1 b6 26. a4 Re5 27. b5 axb5 28. cxb5 Ne7 29. Bf4 Rc5 30. h3 Nd5 31. Bd2 Nc3 32. Ra1 Rc4 33. a5 bxa5 34. Rxa5 Kd7 35. Kh2 Ne4 36. Be3 Rb4 37. Kg1 Nd6 38. b6 cxb6 39. Ra7+ Ke8 40. Bd2 Rb1+ 41. Kh2 b5 42. Bg5 f6 43. Bxh4 b4 44.
Rxg7 b3 45. Bg3 b2 46. Rg8+ Kf7 47. Rb8 Nc4 48. Rb7+ Kg6 49. h4 Rd1 50. h5+ Kxh5 51. Rb5+ e5 52. f4 b1=Q 53. Rxb1 Rxb1 54. fxe5 Nxe5 55.
Bf2 Ng4+ 56. Kg3 Nxf2 57. Kxf2 Kg4 58. Ke2 Rb2+ 59. Kf1 Kg3 60. Kg1 Rxg2+ 61. Kh1 Rf2 62. Kg1 Rf3 63. Kh1 Rf1# 0-1

[Event "Late-Titled-Tuesday-Blitz-June-18-2024"]
[Site "Chess.com"]
[Date "2024.06.18"]
[Round "6"]
[White "MarceloPlaya"]
[Black "Abund"]
[Result "0-1"]
[WhiteElo "2412"]
[BlackElo "2667"]
[TimeControl "180+1"]
[EndTime "15:09:41 PDT"]
[Termination "Abund won on time"]

1. e4 c5 2. Nf3 a6 3. Nc3 b5 4. d4 cxd4 5. Nxd4 Bb7 6. f3 b4 7.
Nce2 e5 8. Nf5 d5 9. exd5 Qxd5 10. Qxd5 Bxd5 11. Be3 g6 12. Nfg3 f5 13. f4 Bh6 14.
O-O-O Ne7 15. Kb1 Nbc6 16. Bc1 O-O-O 17. fxe5 Bg7 18. Nf4 Kb7 19. Nxd5 Nxd5 20. Bc4 Ne3 21. Rxd8 Rxd8 22. Bxe3 Bxe5 23. Ne2 Re8 24. Bf4 Bxf4 25.
Nxf4 Re4 26. Bxa6+ Kxa6 27. Nd3 Re2 28. g3 Kb5 29. Nc1 Rg2 30. Nb3 Ne5 31. Re1 Nf3 32. Rd1 Rxh2 33. a3 bxa3 34. bxa3 Rg2 35. Rd7 h5 36.
Rd3 Ng5 37. Rd5+ Kc6 38. Rc5+ Kb6 39. a4 Rxg3 40. a5+ Kb7 41. Rb5+ Ka6 42. Rb6+ Ka7 43. Rxg6 h4 44. Nc5 Ne4 45. Ra6+ Kb8 46. Rb6+ Kc7 47.
Nxe4 fxe4 48. Rb4 h3 49. a6 h2 50. Rb7+ Kc6 51. Rh7 Rg1+ 52. Kb2 h1=Q 0-1

[Event "Late-Titled-Tuesday-Blitz-June-18-2024"]
[Site "Chess.com"]
[Date "2024.06.18"]
[Round "6"]
[White "Bauman_Guy"]
[Black "chess94cu"]
[Result "1-0"]
[WhiteElo "2909"]
[BlackElo "2628"]
[TimeControl "180+1"]
[EndTime "15:09:43 PDT"]
[Termination "Bauman_Guy won on time"]

1. e4 Nf6 2. e5 Nd5 3. d4 d6 4. Bc4 c6 5. Nf3 Bg4 6. h3 Bxf3 7. Qxf3 e6 8. O-O Nd7 9. Qg3 dxe5 10. dxe5 Qc7 11.
Re1 h5 12. h4 O-O-O 13. Nd2 N7b6 14. Bb3 Ne7 15. Ne4 Nf5 16. Qh2 Kb8 17. Bf4 Nd5 18.
Bg5 Be7 19. Rad1 Bxg5 20. Nxg5 Qe7 21. Qh3 Nf4 22. Qf3 Ng6 23. g3 Rxd1 24. Qxd1 Rd8 25. Qxh5 Nd4 26. c3 Nf5 27. Bc2 Rd5 28. Bxf5 exf5 29.
e6 f4 30. Kh2 fxg3+ 31. fxg3 Rd2+ 32. Re2 Rxe2+ 33. Qxe2 f6 34. Nf3 Ne5 35. Nxe5 Qxe6 36. Nxc6+ Qxc6 37. c4 a6 38. b3 f5 39. h5 Qf6 40.
Kh3 Qg5 41. Qf3 Ka8 42. b4 g6 43. hxg6 Qxg6 44. Kg2 Qg5 45. Qf4 Qh5 46. Qe3 Qg4 47. Qd3 Kb8 48. a3 Ka8 49. a4 Kb8 50. b5 axb5 51. axb5 Kc8 52. c5 f4 53. Qf3 Qg5 54. Qxf4 Qxc5 55. Qg4+ Kb8 56. Qe2 Qd5+ 57. Kh3 Qf5+ 58.
g4 Qh7+ 59. Kg2 Qg6 60. Qe5+ Ka7 61. Qc5+ Kb8 62. g5 Qe4+ 63. Kg3 1-0

[Event "Late-Titled-Tuesday-Blitz-June-18-2024"]
[Site "Chess.com"]
[Date "2024.06.18"]
[Round "6"]
[White "HansOnTwitch"]
[Black "vi_pranav"]
[Result "1-0"]
[WhiteElo "3142"]
[BlackElo "3030"]
[TimeControl "180+1"]
[EndTime "15:09:45 PDT"]
[Termination "HansOnTwitch won on time"]

1. e4 e5 2. Nf3 Nc6 3. Bc4 Nf6 4. d3 d5 5. exd5 Nxd5 6. O-O Nb6 7. Bb5 Bd6 8. Bxc6+ bxc6 9. Nxe5 Bxe5 10. Re1 Qe7 11. Kh1 Bb7 12. f4 O-O-O 13. Rxe5 Qd6 14. Nc3 c5 15. Be3 Nd7 16. Rg5 Rde8 17. Qg1 h5 18. Ne4 Qe6 19. Bxc5 f5 20. Nc3 h4 21. h3 Nf6 22.
Qd4 Nh5 23. Kh2 Qc6 24. Rg1 g6 25. b4 Rd8 26. Qf2 Ng3 27. b5 Qf6 28. Ne2 Nxe2 29. Qxe2 Rhe8 30. Qf2 a6 31. a4 axb5 32. axb5 Rd5 33.
b6 cxb6 34. Bxb6 Qd6 35. Be3 Ra5 36. Re1 Qc6 37. Qxh4 Ra2 38. Re2 Rxc2 39. Rxc2 Qxc2 40. Qf2 Qxd3 41. Bb6 Bc6 42. Rxg6 Qd5 43. Qc5 Qxc5 44.
Bxc5 Kb7 45. Bd6 Re2 46. Be5 Bf3 47. Rg5 Be4 48. h4 Kc6 49. h5 Rd2 50. h6 Rd7 51.
Rg7 Rd2 52. h7 1-0

[Event "Late-Titled-Tuesday-Blitz-June-18-2024"]
[Site "Chess.com"]
[Date "2024.06.18"]
[Round "6"]
[White "dretch"]
[Black "SHIVACalypso"]
[Result "1-0"]
[WhiteElo "2845"]
[BlackElo "2553"]
[TimeControl "180+1"]
[EndTime "15:09:49 PDT"]
[Termination "dretch won by resignation"]

1. d4 e6 2. c4 Nf6 3. Nc3 Bb4 4. Qc2 b6 5. e4 c5 6. a3 cxd4 7. axb4 dxc3 8. e5 Ng8 9. bxc3 Bb7 10. Nf3 Ne7 11.
Be2 Ng6 12. b5 Qc7 13. Ba3 Nxe5 14. Nxe5 Qxe5 15. O-O d5 16. Bf3 Nd7 17. Rfe1 Qg5 18. h4 Qxh4 19. cxd5 Nc5 20. dxe6 Bxf3 21. exf7+ Kxf7 22. Qa2+ Kg6 23. Bxc5 Qg4 24. Qe6+ Qxe6 25. Rxe6+ Kf7 26.
Re7+ Kf6 27. gxf3 bxc5 28. Rae1 g6 29. R1e6+ Kg5 30. c4 Kh6 31. Rc6 Rhc8 32. Rxa7 Rxc6 33. Rxa8 Rc7 34. Ra6 Kg5 35. Rc6 Rb7 36. Rxc5+ Kf4 37. Kg2 h5 38. Rc6 g5 39. b6 h4 40. c5 Rh7 41. Rf6+ Ke5 42. Rf8 h3+ 43. Kh2 Kd5 44.
Rf5+ Kc6 45. Rxg5 Rh8 46. f4 Rh4 47. f5 Rf4 48. Kxh3 Rxf2 49. Kg4 Rg2+ 50. Kh5 Rf2 51. Kg6 Kxc5 52. f6+ Kxb6 53. f7 Kc7 54. Rf5 Rg2+ 55. Kf6 Rd2 56. f8=Q Rd7 57. Qc5+ 1-0

[Event "Late-Titled-Tuesday-Blitz-June-18-2024"]
[Site "Chess.com"]
[Date "2024.06.18"]
[Round "6"]
[White "Flawless_Fighter"]
[Black "ansko1999"]
[Result "1/2-1/2"]
[WhiteElo "2785"]
[BlackElo "2603"]
[TimeControl "180+1"]
[EndTime "15:09:49 PDT"]
[Termination "Game drawn by repetition"]

1. e4 c5 2. Nf3 Nf6 3. Nc3 d5 4.
exd5 Nxd5 5. Bb5+ Bd7 6. Ne5 e6 7. Nxd7 Nxd7 8. Nxd5 exd5 9. O-O a6 10. Be2 Bd6 11.
Bf3 Nf6 12. Re1+ Kf8 13. d4 cxd4 14. Qxd4 h6 15. Bf4 Bxf4 16. Qxf4 g5 17. Qd4 Rc8 18.
c3 Rc4 19. Qe5 Kg7 20. h3 Re8 21. Qf5 Rf4 22. Qd3 Rxe1+ 23. Rxe1 b5 24. b3 Qb6 25. g3 Ne4 26. Re3 Nxg3 27. Bxd5 Nf5 28. Rf3 Qd6 29. Rxf4 Qxf4 30. b4 Qc1+ 31. Kh2 Qf4+ 32.
Kg1 Qc1+ 33. Kh2 Qf4+ 34. Kg2 Nh4+ 35. Kf1 Qc1+ 36. Ke2 Ng6 37. Qd4+ Kg8 38. Bb3 Nf4+ 39. Kf3 Qh1+ 40. Ke3 Qe1+ 41. Kf3 Qe2+ 42. Kg3 Nh5+ 43.
Kg2 Nf4+ 44. Kg3 Qf1 45. Qd8+ Kg7 46. Qd4+ Kg8 47. Qd8+ Kg7 48. Qd4+ Kf8 49. Qh8+ Ke7 50. Qe5+ Kf8 51. Qd6+ Kg7 52. Qe5+ Kf8 53. Qd6+ Kg7 54. Qe5+ Kf8 1/2-1/2

[Event "Late-Titled-Tuesday-Blitz-June-18-2024"]
[Site "Chess.com"]
[Date "2024.06.18"]
[Round "6"]
[White "MaestroCheck"]
[Black "sergiochess83"]
[Result "0-1"]
[WhiteElo "2623"]
[BlackElo "2868"]
[TimeControl "180+1"]
[EndTime "15:09:52 PDT"]
[Termination "sergiochess83 won by resignation"]

1. e4 c5 2. Nc3 Nc6 3. Bb5 g6 4.
Bxc6 bxc6 5. f4 Bg7 6. Nf3 d5 7. d3 Ba6 8. Qe2 Nh6 9. O-O O-O 10. Bd2 Rb8 11. b3 c4 12. dxc4 dxc4 13. e5 Qb6+ 14.
Qf2 cxb3 15. axb3 Bxf1 16. Qxb6 axb6 17. Kxf1 Ra8 18. Rd1 Rfd8 19. Ke2 f6 20. Na4 fxe5 21. fxe5 Rab8 22. Re1 Nf5 23. Bc3 Rd5 24. g4 Nh6 25. h3 Nf7 26. Kf2 b5 27. Nb2 b4 28. Bd4 c5 29.
Be3 Nxe5 30. Nd2 Rf8+ 31. Ke2 Nxg4 32. hxg4 Bxb2 33. Ne4 Bd4 34. Bh6 Ra8 35. Rf1 Bg7 36. Be3 Re5 37. Nxc5 Bh6 38. Rf3 Ra2 39. Nd3 Rxe3+ 40.
Rxe3 Bxe3 41. Nxb4 Ra1 42. Kxe3 Kf7 43. Nd3 Ke6 44.
c4 Kd6 45. b4 e5 46. Ke4 Rc1 47. c5+ Ke6 48. b5 Rc4+ 49. Ke3 e4 50. Nf4+ Ke5 51.
c6 Rc3+ 52. Kd2 Rc5 53. b6 Rxc6 54. b7 Rb6 55. Ke3 Rb3+ 56. Ke2 Rxb7 0-1

[Event "Late-Titled-Tuesday-Blitz-June-18-2024"]
[Site "Chess.com"]
[Date "2024.06.18"]
[Round "6"]
[White "GrotBchess"]
[Black "ReadySkate"]
[Result "0-1"]
[WhiteElo "2586"]
[BlackElo "2780"]
[TimeControl "180+1"]
[EndTime "15:09:52 PDT"]
[Termination "ReadySkate won on time"]

1. e4 c5 2. Nf3 e6 3. d4 cxd4 4. Nxd4 Nf6 5. Nc3 Nc6 6. Ndb5 Bc5 7. Nd6+ Ke7 8. Bf4 e5 9. Nf5+ Kf8 10. Bg5 d6 11. Ne3 h6 12. Bxf6 Qxf6 13. Ncd5 Qd8 14. c3 a6 15. Bc4 Be6 16. O-O g6 17. Kh1 Kg7 18. f4 exf4 19. Rxf4 Qg5 20. Qf1 Ne5 21. Bb3 h5 22. Nc4 h4 23. Nc7 Raf8 24. Nxe5 dxe5 25. Rf3 Bxb3 26. axb3 Qg4 27. Qe2 Qd7 28. Nd5 f5 29. Raf1 fxe4 30. Qxe4 Bd6 31. c4 Qe6 32. h3 Rxf3 33.
Rxf3 Rf8 34. Rxf8 Bxf8 35. Ne3 Bc5 36. Qxb7+ Qf7 37. Qe4 Bd4 38. Kh2 Bxb2 39. Ng4 Qe7 40. Ne3 Bd4 41. Nd5 Qg5 42. Nc7 Qg3+ 43. Kh1 Be3 44.
Qb1 e4 45. Nd5 Bf4 46. Nxf4 Qxf4 47. Qa1+ Kh7 48. Qxa6 e3 49. Qb7+ Kh6 50. Qc8 e2 51. Qh8+ Kg5 52. Qd8+ Kf5 53. Qc8+ Ke4 54. Qc6+ Ke3 55.
Qe6+ Kd2 0-1

[Event "Late-Titled-Tuesday-Blitz-June-18-2024"]
[Site "Chess.com"]
[Date "2024.06.18"]
[Round "6"]
[White "jlf287"]
[Black "insatiable27"]
[Result "0-1"]
[WhiteElo "2500"]
[BlackElo "2364"]
[TimeControl "180+1"]
[EndTime "15:09:52 PDT"]
[Termination "insatiable27 won on time"]

1. d4 d5 2. c4 e6 3. Nf3 Nf6 4. g3 h6 5. Bg2 Bd6 6. O-O O-O 7. Nc3 Nc6 8. b3 Re8 9. Bb2 dxc4 10. bxc4 e5 11.
e3 Bg4 12. h3 Bh5 13. g4 Bg6 14. Nh4 Bh7 15. f4 exf4 16. exf4 Qe7 17. Nd5 Nxd5 18. cxd5 Qe3+ 19. Kh1 Nb4 20. Rf3 Qe2 21. Bc3 Nxa2 22. Bd2 Nb4 23. f5 Nxd5 24. Rb3 Nf4 25. Bf3 Qe7 26.
Qf1 Qxh4 27. Bxb7 Rab8 28. Bxf4 Bxf4 29. Qxf4 Re1+ 30. Rxe1 Qxe1+ 31. Kg2 Qe2+ 32. Qf2 Qd1 33. Qb2 h5 34. Bd5 Rxb3 35. Bxb3 Qd3 36. Qa2 Qe4+ 37. Kf2 hxg4 38. hxg4 Kh8 39. Bxf7 Qxg4 40. Qe6 Qxd4+ 41.
Kg2 Qg4+ 42. Kh1 Qh3+ 43. Kg1 Bxf5 44. Qe8+ Kh7 45. Qg8+ Kh6 46. Qh8+ Bh7 47. Qd8 Qg3+ 48. Kh1 Qh3+ 49. Kg1 Qg4+ 50. Kf2 Qf5+ 51. Ke1 Qxf7 52. Qh4+ Qh5 53. Qf4+ Qg5 54. Qh2+ Kg6 55. Qxc7 Qg1+ 56. Ke2 Qg2+ 57. Ke1 Qe4+ 58. Kf1 Qf5+ 59. Ke1 Kf6 60.
Qd8+ Kg6 0-1

[Event "Late-Titled-Tuesday-Blitz-June-18-2024"]
[Site "Chess.com"]
[Date "2024.06.18"]
[Round "6"]
[White "ninjatrick"]
[Black "yaguigor"]
[Result "0-1"]
[WhiteElo "2476"]
[BlackElo "2642"]
[TimeControl "180+1"]
[EndTime "15:09:53 PDT"]
[Termination "yaguigor won by checkmate"]

1. Nf3 d5 2. b3 Bg4 3. Bb2 Nd7 4. d4 c6 5. e3 Ngf6 6. Be2 e6 7. Nbd2 Be7 8. O-O O-O 9. h3 Bh5 10. Rc1 h6 11. c4 a5 12. a4 Bb4 13. c5 b6 14.
cxb6 Qxb6 15. Ne1 Bxe2 16. Qxe2 Bxd2 17. Qxd2 Qxb3 18. Rxc6 Qxa4 19. Rc1 Rfc8 20. Nd3 Ne4 21. Qe2 Qb5 22. Rxc8+ Rxc8 23. Ra1 a4 24. Qd1 Ra8 25. Ra3 Nb6 26. Qa1 Nc4 27. Ra2 Nxe3 28. Nc5 Nc4 29.
Rxa4 Rxa4 30. Nxa4 Nxb2 31. Nxb2 Qe2 32. Nd1 Qe1+ 33.
Kh2 Nxf2 34. Qa8+ Kh7 35. Nxf2 Qxf2 36. Qa7 e5 37. Qd7 Qf4+ 38. Kh1 exd4 39. Qxd5 g6 40. Qd7 h5 41. Qd5 Kg7 42. Qd7 Qe3 43.
g4 Qxh3+ 44. Kg1 Qxg4+ 45. Qxg4 hxg4 46. Kf2 f5 47. Kg3 Kf6 48. Kf4 g5+ 49. Kg3 Ke5 50. Kf2 Ke4 51. Ke2 d3+ 52. Kd2 g3 53. Ke1 Ke3 54.
Kf1 d2 55. Kg2 d1=Q 56. Kxg3 Qg4+ 57. Kh2 Kf2 58. Kh1 Qh5# 0-1

[Event "Late-Titled-Tuesday-Blitz-June-18-2024"]
[Site "Chess.com"]
[Date "2024.06.18"]
[Round "6"]
[White "Seppppppy"]
[Black "ameetghasi100"]
[Result "1-0"]
[WhiteElo "2284"]
[BlackElo "2741"]
[TimeControl "180+1"]
[EndTime "15:09:56 PDT"]
[Termination "Seppppppy won on time"]

1. d4 g6 2. c4 d6 3. Nc3 Nf6 4. e4 Bg7 5. h3 O-O 6. Be3 Nc6 7. d5 Nb4 8. a3 Na6 9. b4 c6 10. f4 cxd5 11. cxd5 Bd7 12. Bd4 Rc8 13. Nf3 Nh5 14.
Bxg7 Kxg7 15. Qd4+ f6 16. Ne2 Bb5 17. Qe3 Qb6 18.
Qxb6 axb6 19. Nfd4 Bxe2 20. Bxe2 Nxf4 21. Bxa6 bxa6 22.
g3 Nd3+ 23. Kd2 Ne5 24. Ne6+ Kf7 25. Nxf8 Kxf8 26. Rac1 Nc4+ 27. Kd3 b5 28. Rc3 e6 29. dxe6 Ke7 30. Kd4 Kxe6 31. a4 Rc7 32. Ra1 h5 33. axb5 axb5 34. Ra5 Rb7 35. Rxb5 Rxb5 36. Kxc4 Rb8 37. b5 Ke5 38. Re3 Rc8+ 39. Kb4 Kd4 40. Re1 Rc2 41. Ka5 Kc5 42. Ra1 f5 43. exf5 gxf5 44. b6 Kc6 45. Ka6 d5 46. b7 Rb2 47.
Rc1+ Kd7 48. Ka7 Ra2+ 49. Kb8 Kd6 50. Kc8 Rb2 51. b8=Q+ Rxb8+ 52. Kxb8 d4 53. Kb7 Kd5 54. Kc7 Ke4 55. Kd6 Kf3 56. Ke5 d3 57. Rd1 Kxg3 58.
Rxd3+ Kg2 59. Kxf5 1-0